Map: King Sejong Station LE

Players

JHB

  • Race: Zerg Zerg

Gracz - Winner!

  • Race: Protoss Protoss
  • League: Bronze

VOD

Have the link to the VOD?

Description

Time

  • Played on: Sept. 18, 2016, 1:34 p.m.
  • Length: 22:25
Show
View Real Time Build Order
Export as new Build Order

JHB Zerg 

Build Orders: Hatch First 

Get SALT Encoding   

  12  0:01  Drone  
  13  0:14  Drone  
  14  0:20  Extractor  
  13  0:23  Drone  
  13  0:25  Extractor  
  13  0:26  Drone  
  15  0:32  Overlord  
  16  0:54  Drone  
  16  0:56  Hatchery  
  16  1:05  Drone x2  
  16  1:09  Overlord  
  18  1:20  Extractor  
  18  1:25  Spawning Pool  
  16  1:28  Drone  
  16  1:30  Drone  
  18  1:47  Drone  
  18  1:51  Drone  
  20  2:12  Extractor, Drone x2  
  21  2:17  Queen  
  21  2:20  Queen  
  21  2:21  Overlord  
  21  2:22  Overlord  
  25  2:24  Drone  
  26  2:36  Roach Warren, Drone  
  26  2:42  Metabolic Boost  
  26  3:02  Overlord x2  
  26  3:17  Spine Crawler  
  25  3:20  Zergling x4  
  25  3:21  Zergling x6  
  30  3:31  Evolution Chamber  
  29  3:35  Drone  
  29  3:36  Drone x2  
  32  4:01  Drone  
  32  4:02  Drone x2  
  35  4:10  Hatchery  
  35  4:11  Queen  
  36  4:32  Zergling x12  
  36  4:33  Zergling x4  
  44  4:41  Evolution Chamber  
  44  4:43  Lair  
  43  4:47  Drone  
  43  4:49  Drone  
  45  5:29  Zerg Ground Armor Level 1  
  45  5:33  Roach x6  
  45  5:34  Roach x3  
  63  5:43  Overlord  
  63  5:49  Zerg Missile Weapons Level 1  
  61  6:01  Zergling x2  
  61  6:02  Zergling x12  
  61  6:03  Zergling x2  
  68  6:15  Zergling x10  
  68  6:17  Drone  
  74  6:18  Overlord  
  68  7:41  Zergling x4  
  68  7:42  Zergling x8  
  68  7:43  Roach x2  
  68  7:44  Roach x2  
  82  7:51  Overlord x2  
  82  8:00  Zerg Ground Armor Level 2  
  82  8:02  Zerg Missile Weapons Level 2, Hatchery  
  81  8:11  Glial Reconstitution  
  58  9:05  Roach x7  
  58  9:06  Roach x6  
  84  9:17  Drone x2  
  84  9:18  Drone x2  
  88  9:43  Spore Crawler x2  
  88  9:45  Spore Crawler  
  67  10:01  Zergling x4  
  67  10:02  Roach x3, Zergling x4  
  67  10:03  Roach x2, Zergling x8  
  67  10:04  Roach x2  
  83  10:09  Extractor  
  82  10:26  Spine Crawler  
  78  10:58  Drone x6  
  78  10:59  Drone  
  80  11:04  Hydralisk Den  
  53  11:34  Overlord x2  
  53  11:35  Overlord  
  53  11:37  Hydralisk x3  
  53  11:38  Hydralisk x4  
  67  11:47  Muscular Augments  
  67  11:56  Extractor  
  66  12:03  Hydralisk x2  
  66  12:04  Hydralisk x4  
  78  12:37  Roach x3  
  78  12:38  Roach x3, Zergling x4  
  78  12:39  Zergling x4  
  94  12:48  Drone x3  
  94  12:49  Drone x2  
  99  13:03  Zerg Melee Weapons Level 1  
  99  13:09  Infestation Pit  
  87  13:56  Roach  
  87  13:57  Roach x5  
  87  13:59  Hydralisk x3  
  87  14:00  Hydralisk  
  107  14:03  Swarm Host x3  
  116  14:32  Drone x3  
  116  14:35  Overlord x2  
  116  14:36  Overlord, Spore Crawler  
  116  14:37  Overlord  
  118  14:44  Spore Crawler  
  112  14:46  Spine Crawler  
  86  15:20  Roach x4, Hydralisk x3  
  104  15:21  Roach x2  
  104  16:00  Overseer x2  
  68  16:48  Hive  
  68  16:55  Spire  
  68  16:56  Drone x4  
  68  16:57  Drone  
  74  17:08  Roach  
  74  17:09  Roach x3  
  74  17:12  Extractor x2  
  74  17:13  Zerg Melee Weapons Level 2  
  78  17:23  Roach x3  
  78  17:24  Roach x3  
  90  17:38  Roach x3  
  96  17:49  Queen  
  98  17:53  Queen  
  100  18:08  Swarm Host x3  
  100  18:12  Roach x6  
  121  18:26  Ultralisk Cavern  
  120  18:29  Swarm Host  
  120  18:31  Swarm Host  
  126  18:35  Roach x7  
  140  19:15  Roach x2  
  140  19:16  Hydralisk x2  
  152  19:17  Roach x2  
  152  19:18  Overlord x3  
  152  19:51  Hydralisk x2  
  152  19:52  Hydralisk x4  
  158  19:53  Hydralisk  
  156  20:32  Overseer x2  
  156  20:33  Overlord x3  
  156  20:34  Overlord  
  156  20:36  Ultralisk x2  
  112  21:24  Ultralisk x2  
  104  21:33  Ultralisk  
Show
View Real Time Build Order
Export as new Build Order

Gracz Protoss - Winner!

Build Orders: Double Forge 

Get SALT Encoding   

  12  0:02  Probe (Chrono Boost)  
  13  0:13  Probe (Chrono Boost)  
  14  0:20  Pylon  
  14  0:24  Probe (Chrono Boost)  
  15  0:36  Assimilator  
  15  0:38  Probe (Chrono Boost)  
  16  0:52  Gateway  
  16  0:53  Probe (Chrono Boost)  
  17  1:03  Probe (Chrono Boost)  
  18  1:14  Probe (Chrono Boost)  
  19  1:22  Pylon  
  19  1:34  Gateway  
  19  1:43  Cybernetics Core  
  19  1:54  Nexus  
  19  2:02  Probe (Chrono Boost)  
  19  2:04  Warp Gate  
  20  2:13  Probe (Chrono Boost)  
  21  2:25  Stalker x2, Probe (Chrono Boost)  
  26  2:31  Assimilator  
  26  3:13  Probe (Chrono Boost)  
  26  3:14  Probe (Chrono Boost)  
  28  3:24  Probe (Chrono Boost)  
  28  3:27  Probe (Chrono Boost)  
  30  3:34  Probe (Chrono Boost)  
  30  3:35  Gateway  
  30  3:39  Probe (Chrono Boost)  
  30  3:40  Twilight Council  
  32  3:45  Probe (Chrono Boost)  
  32  3:46  Pylon  
  33  3:49  Pylon  
  33  3:51  Probe (Chrono Boost)  
  33  3:53  Assimilator, Pylon  
  35  3:55  Probe (Chrono Boost)  
  35  4:03  Gateway  
  35  4:04  Gateway  
  35  4:10  Blink  
  35  4:21  Forge  
  35  4:22  Forge  
  35  4:25  Forge  
  35  4:38  Mothership Core (Chrono Boost)  
  37  4:42  Assimilator  
  37  4:45  Stalker, Probe (Chrono Boost)  
  40  4:56  Probe (Chrono Boost)  
  40  4:57  Probe (Chrono Boost)  
  42  5:02  Stalker x3  
  49  5:21  Probe (Chrono Boost)  
  49  5:23  Probe (Chrono Boost)  
  50  5:32  Stargate  
  50  5:34  Stargate x2  
  50  5:45  Stargate  
  50  6:14  Stalker  
  50  6:15  Stalker x3  
  50  6:16  Stalker  
  60  6:23  Probe (Chrono Boost)  
  60  6:25  Probe (Chrono Boost)  
  62  7:03  Fleet Beacon  
  62  7:09  Cybernetics Core  
  62  7:21  Robotics Facility  
  40  7:33  Protoss Ground Weapons Level 1, Stalker, Protoss Ground Armor Level 1  
  40  7:34  Stalker x3  
  40  7:35  Stalker  
  50  7:45  Pylon  
  50  7:47  Protoss Shields Level 1  
  50  7:49  Pylon  
  50  7:53  Pylon  
  50  8:08  Pylon  
  50  8:10  Stalker  
  50  8:11  Stalker x2  
  50  8:12  Stalker x2  
  53  8:38  Stalker  
  53  8:39  Stalker x3  
  53  8:40  Stalker  
  63  8:46  Gateway  
  59  8:50  Gateway  
  59  8:53  Gateway  
  57  9:04  Stalker  
  57  9:05  Stalker x3  
  65  9:23  Tempest  
  69  9:30  Pylon  
  69  9:50  Stalker  
  67  10:06  Stalker x3  
  67  10:07  Stalker  
  75  10:28  Nexus  
  75  10:31  Assimilator  
  75  10:37  Assimilator  
  75  10:39  Pylon  
  75  10:42  Pylon  
  75  10:47  Pylon  
  59  11:36  Tempest x3  
  59  11:37  Tempest  
  75  11:46  Probe (Chrono Boost)  
  78  11:48  Probe x2 (Chrono Boost)  
  78  12:00  Probe (Chrono Boost)  
  79  12:07  Pylon  
  79  12:11  Pylon  
  81  12:16  Probe (Chrono Boost)  
  81  12:17  Probe x2 (Chrono Boost)  
  81  12:19  Tempest  
  81  12:20  Stalker  
  81  12:21  Protoss Ground Weapons Level 2  
  88  12:29  Probe (Chrono Boost)  
  89  12:33  Protoss Air Armor Level 1  
  81  13:29  Tempest x3, Stalker x2  
  81  13:30  Stalker x2  
  81  13:31  Stalker x2  
  101  13:46  Stalker x2  
  101  13:58  Stalker x2  
  101  13:59  Stalker  
  107  14:03  Stalker  
  107  14:07  Probe x2 (Chrono Boost)  
  111  14:23  Nexus  
  111  14:30  Probe x3 (Chrono Boost)  
  114  14:33  Stalker  
  116  14:42  Probe (Chrono Boost)  
  101  15:28  Charge  
  101  15:30  Protoss Ground Armor Level 2, Protoss Shields Level 2  
  101  15:31  Protoss Ground Weapons Level 3  
  101  15:32  Robotics Facility  
  101  15:33  Robotics Facility  
  101  15:34  Robotics Facility  
  101  15:46  Nexus  
  101  15:48  Pylon  
  101  15:50  Pylon  
  104  15:57  Probe (Chrono Boost)  
  104  15:58  Probe x2 (Chrono Boost)  
  104  15:59  Stalker  
  104  16:24  Stalker x3  
  86  16:40  Stalker x3  
  86  16:41  Stalker  
  86  16:46  Probe x2 (Chrono Boost)  
  86  16:47  Probe (Chrono Boost)  
  97  16:54  Stalker  
  97  16:55  Stalker x3  
  105  17:08  Photon Cannon  
  105  17:10  Photon Cannon  
  105  17:29  Assimilator  
  105  17:32  Assimilator, Stalker  
  109  17:37  Mothership Core (Chrono Boost)  
  109  17:44  Pylon  
  109  17:47  Stalker  
  109  17:48  Stalker  
  113  17:58  Pylon  
  113  18:02  Pylon  
  119  18:07  Tempest x2  
  119  18:08  Observer  
  119  18:09  Immortal x2  
  128  18:15  Stalker  
  128  18:17  Stalker  
  140  18:28  Stalker  
  140  18:29  Stalker x3  
  148  18:35  Protoss Ground Armor Level 3  
  148  18:47  Tempest x2  
  156  19:25  Stalker x2  
  156  19:26  Stalker x5  
  156  19:27  Stalker  
  164  20:23  Stalker  
  164  20:24  Stalker x2  
  164  20:25  Stalker  
  164  20:26  Stalker  
  174  20:36  Pylon  
  174  20:39  Immortal  
  174  20:42  Immortal x3  
  188  21:18  Immortal  
  126  22:21  Stalker x2  
  126  22:22  Stalker x4  
  136  22:23  Stalker  
Tags
 
Add a new tag
Caveats
  • Supply blocks, unpowered buildings, or Contaminate may cause inaccurate times.
  • Supply counts are checked every 10 seconds.